Map: Ruins of Seras

Players

Miszu

  • Race: Terran Terran
  • League: Master

Easy - Winner!

  • Race: Zerg Zerg

VOD

Have the link to the VOD?

Description

Time

  • Played on: April 13, 2016, 1:37 p.m.
  • Length: 15:08
Show
View Real Time Build Order
Export as new Build Order

Miszu Terran 

Build Orders: Liberator Opening, Reaper Expand 

Get SALT Encoding   

  12  0:01  SCV  
  13  0:13  SCV  
  14  0:18  Supply Depot  
  14  0:25  SCV  
  15  0:39  SCV  
  15  0:40  Barracks  
  16  0:44  Refinery  
  16  0:51  SCV  
  17  1:03  SCV  
  18  1:15  SCV  
  19  1:27  Orbital Command  
  19  1:28  Reaper  
  20  1:43  Command Center  
  20  1:53  SCV  
  21  1:57  Supply Depot  
  22  2:02  Barracks Reactor  
  22  2:06  SCV  
  22  2:10  Refinery  
  22  2:19  SCV  
  22  2:21  Factory  
  23  2:31  SCV  
  24  2:38  Marine x2  
  24  2:43  SCV  
  27  2:55  SCV  
  27  2:56  Marine x2  
  27  2:57  Orbital Command  
  30  3:06  Starport, Factory Tech Lab  
  30  3:07  SCV  
  31  3:14  Marine x2  
  31  3:17  Bunker  
  31  3:19  SCV  
  34  3:24  SCV  
  35  3:31  Marine, Siege Tank, Liberator, SCV  
  39  3:36  SCV  
  39  3:37  Marine  
  41  3:42  Supply Depot  
  41  3:43  SCV  
  46  3:48  SCV  
  46  4:00  SCV  
  46  4:04  SCV  
  46  4:06  Supply Depot  
  47  4:12  SCV  
  47  4:14  Liberator  
  47  4:16  SCV  
  52  4:24  SCV  
  52  4:28  Supply Depot, SCV  
  54  4:32  Command Center  
  54  4:36  SCV  
  55  4:40  SCV  
  55  4:44  Barracks  
  56  4:47  Barracks  
  56  4:48  SCV  
  56  4:49  Marine x2  
  56  4:52  SCV  
  60  5:00  Engineering Bay  
  60  5:01  Refinery, SCV  
  60  5:02  Engineering Bay, Refinery  
  60  5:04  SCV  
  62  5:07  Marine  
  62  5:08  Siege Tank  
  62  5:13  SCV  
  67  5:16  SCV  
  67  5:20  Supply Depot  
  68  5:21  Starport Reactor  
  68  5:25  SCV  
  68  5:26  Terran Infantry Armor Level 1  
  68  5:27  Terran Infantry Weapons Level 1  
  69  5:28  SCV  
  70  5:39  Barracks Tech Lab  
  70  5:42  Supply Depot, Marine x2, Barracks Tech Lab, Siege Tank  
  75  5:44  SCV  
  75  5:46  SCV, Orbital Command  
  77  5:57  SCV  
  78  5:58  SCV  
  78  5:59  Marine, Barracks  
  78  6:01  Barracks  
  80  6:04  Marine x3  
  80  6:05  Medivac  
  80  6:08  Medivac  
  80  6:09  SCV  
  88  6:17  Marine  
  88  6:18  Siege Tank, Orbital Command  
  92  6:22  Marine x3  
  95  6:27  SCV  
  95  6:28  SCV  
  97  6:35  Marine  
  97  6:39  Marine, SCV  
  99  6:41  Marine  
  101  6:47  Supply Depot  
  101  6:48  Barracks Reactor  
  101  6:49  Supply Depot, Barracks Reactor  
  101  6:51  Supply Depot  
  101  6:52  Marine, SCV x2  
  101  7:04  Supply Depot  
  101  7:09  Marine x2, Medivac x2, SCV x2, Combat Shields, Stimpack  
  101  7:10  Siege Tank  
  101  7:13  Supply Depot  
  101  7:14  SCV  
  113  7:16  Supply Depot  
  113  7:21  SCV x2  
  114  7:26  Marine x2  
  114  7:27  SCV  
  117  7:33  SCV x2  
  119  7:39  SCV  
  119  7:41  Refinery  
  119  7:42  Refinery, Siege Tank  
  123  7:45  SCV x2, Armory  
  123  7:50  Missile Turret  
  123  7:51  SCV  
  126  7:53  Missile Turret  
  126  7:54  Medivac x2  
  127  8:00  Barracks  
  127  8:01  Barracks  
  127  8:03  Barracks  
  127  8:05  Marine  
  128  8:08  SCV  
  128  8:10  Bunker  
  129  8:14  Siege Tank  
  129  8:15  Supply Depot  
  129  8:17  Supply Depot, Marine  
  129  8:18  Marine x6  
  139  8:23  Marine  
  140  8:35  Marine  
  140  8:36  Marine x5, Terran Infantry Weapons Level 2  
  140  8:37  Terran Infantry Armor Level 2  
  140  8:39  Marine  
  147  8:45  Terran Vehicle Weapons Level 1  
  147  8:47  Supply Depot  
  147  8:48  Supply Depot x2  
  147  8:50  Factory  
  147  8:55  Marine  
  146  8:56  Marine x6  
  146  9:01  Marine  
  154  9:03  Thor  
  154  9:06  Missile Turret  
  154  9:07  Barracks Tech Lab x2  
  154  9:09  Barracks Tech Lab  
  157  9:13  Marine  
  157  9:14  Marine, Marauder  
  154  9:33  Marine x5  
  154  9:34  Medivac x2, Marauder  
  154  9:35  Marauder x3  
  170  9:42  Marauder  
  172  9:47  Factory Tech Lab  
  172  9:51  Thor  
  178  9:55  Marine x2  
  178  9:56  Marauder x4  
  185  10:12  Marauder  
  136  10:15  Marine x5  
  136  10:16  Marine  
  136  10:17  Marine x3, Marauder  
  117  10:30  Medivac x2  
  117  10:33  Marine x7  
  117  10:35  Marine  
  98  10:50  Marine  
  98  10:51  Marine  
  98  10:52  Marine x9  
  98  10:55  Widow Mine  
  111  11:05  Medivac  
  111  11:07  Marine  
  111  11:09  Marine x2  
  111  11:10  Marine, Marauder  
  119  11:18  Terran Infantry Weapons Level 3  
  119  11:23  Terran Infantry Armor Level 3  
  119  11:25  Marine  
  120  11:27  Marine x2  
  122  11:36  Marine, Marauder, Missile Turret  
  122  11:39  Marauder  
  127  11:40  Orbital Command  
  127  11:45  Marauder  
  127  11:46  Bunker  
  129  11:50  Marine  
  129  11:51  Marine x4, Marauder  
  138  11:58  Thor  
  141  12:07  Terran Vehicle Weapons Level 2  
  132  12:10  Thor  
  138  12:20  Marauder x4  
  146  12:22  Medivac  
  146  12:23  Medivac  
  146  12:29  Marauder  
  152  12:31  Marine  
  152  12:32  Marine x5  
  152  12:36  Supply Depot  
  158  12:39  Supply Depot  
  158  12:40  Marine  
  158  12:41  Marine  
  158  12:42  Marauder  
  158  12:43  Marauder  
  147  13:12  Marine  
  141  13:13  Marine x3, Marauder  
  141  13:14  Marine  
  141  13:15  Marine x3, Marauder  
  141  13:16  Bunker  
  141  13:17  Marauder  
  133  13:28  Medivac  
  133  13:30  Marine, Command Center  
  133  13:31  Marine x3  
  133  13:32  Marine x2  
  133  13:33  Marine x2  
  133  13:34  Marine  
  144  13:35  Marine  
  144  13:38  Marine  
  146  13:48  Marine x2  
  133  13:57  Marine x5, Marauder  
  133  13:58  Marine x3, Medivac  
  103  14:06  Marine x2  
  96  14:15  Marine x4  
  86  14:35  Orbital Command  
  84  14:44  Marauder, Missile Turret  
Show
View Real Time Build Order
Export as new Build Order

Easy Zerg - Winner!

Build Orders: Hatch First, Muta Ling Bane 

Get SALT Encoding   

  12  0:00  Drone  
  13  0:08  Drone  
  14  0:17  Overlord  
  14  0:22  Extractor  
  14  0:24  Drone  
  15  0:36  Drone x2  
  17  0:54  Hatchery  
  17  0:56  Drone  
  17  0:58  Extractor  
  17  1:01  Drone  
  17  1:16  Spawning Pool  
  16  1:20  Drone  
  16  1:22  Drone  
  18  1:27  Drone  
  19  1:38  Overlord  
  19  2:03  Metabolic Boost, Queen  
  19  2:04  Zergling x4  
  19  2:08  Queen  
  23  2:13  Drone  
  23  2:15  Drone  
  27  2:19  Drone  
  28  2:24  Drone  
  29  2:34  Drone  
  29  2:35  Drone  
  31  2:39  Overlord  
  31  2:44  Queen  
  31  2:48  Spore Crawler  
  32  2:53  Drone x2  
  32  2:54  Pneumatized Carapace  
  35  3:01  Drone x2  
  37  3:09  Overlord  
  37  3:12  Zergling x4  
  39  3:14  Drone x2  
  41  3:22  Drone x3  
  44  3:36  Queen, Drone x3  
  49  3:43  Hatchery  
  49  3:47  Overlord  
  48  3:50  Zergling x4  
  48  3:54  Drone  
  50  3:56  Drone  
  50  3:57  Extractor  
  47  4:03  Zergling x4  
  47  4:07  Drone x3  
  52  4:12  Drone  
  52  4:13  Evolution Chamber x2  
  52  4:15  Queen  
  53  4:18  Drone  
  54  4:27  Overlord  
  54  4:30  Drone x4  
  58  4:39  Zerg Melee Weapons Level 1  
  58  4:40  Zerg Ground Armor Level 1  
  58  4:41  Drone  
  59  4:49  Drone x4  
  63  5:20  Drone x10  
  73  5:21  Lair  
  73  5:23  Overlord  
  73  5:25  Baneling Nest  
  72  5:30  Drone  
  72  5:31  Overlord  
  72  5:35  Spore Crawler  
  72  5:37  Extractor, Drone  
  72  5:38  Extractor, Queen  
  73  5:47  Drone  
  73  5:48  Drone, Spore Crawler  
  73  5:49  Spore Crawler, Drone x3  
  77  5:50  Drone  
  77  5:51  Extractor, Drone x2  
  77  5:54  Drone  
  79  5:57  Extractor, Drone  
  79  6:00  Drone x5  
  84  6:08  Drone  
  84  6:09  Drone x2  
  84  6:10  Drone  
  84  6:11  Hatchery  
  82  6:19  Drone  
  76  6:32  Zergling x2  
  76  6:33  Zergling x8  
  76  6:34  Spire  
  79  6:50  Zerg Ground Armor Level 2, Zerg Melee Weapons Level 2, Drone x5  
  79  6:51  Centrifical Hooks  
  79  6:52  Baneling  
  79  6:53  Baneling x4  
  84  7:12  Drone  
  84  7:15  Zergling x8  
  85  7:16  Zergling x2  
  85  7:17  Overlord x3  
  89  7:30  Queen  
  90  7:40  Drone x3  
  90  7:41  Drone x8  
  101  7:50  Mutalisk x8  
  117  7:52  Zerg Flyer Weapons Level 1  
  117  7:54  Overseer  
  117  7:57  Overlord x3  
  117  7:58  Mutalisk, Overseer  
  117  7:59  Overlord x2  
  117  8:04  Extractor  
  117  8:05  Extractor  
  117  8:11  Drone x2  
  119  8:17  Drone x8  
  119  8:19  Mutalisk x3  
  133  8:27  Zergling x8  
  133  8:29  Baneling x10  
  133  8:33  Zergling x4  
  139  8:40  Zergling x10  
  144  8:45  Zergling x4  
  144  8:46  Zergling x10  
  151  8:49  Baneling x4  
  151  8:50  Baneling x4  
  151  8:51  Mutalisk x3  
  156  8:56  Zergling x6  
  156  8:57  Zergling x2  
  156  8:58  Overlord  
  158  9:04  Overlord x2  
  157  9:14  Mutalisk x2  
  159  9:17  Overlord x2  
  159  9:18  Zergling x2  
  159  9:19  Zergling x14  
  162  9:32  Zergling x2  
  162  9:33  Zergling x16  
  170  9:39  Baneling x8  
  170  9:42  Baneling x4  
  170  9:46  Zergling x8  
  170  9:50  Overseer  
  170  9:51  Overseer  
  170  9:52  Zergling x6  
  177  9:53  Zergling x4  
  177  9:54  Baneling  
  177  9:55  Baneling x4  
  177  9:56  Baneling x4  
  177  9:57  Baneling  
  177  9:58  Baneling x4  
  171  10:11  Zergling x2  
  171  10:12  Zergling x12  
  155  10:17  Mutalisk x9  
  155  10:18  Mutalisk  
  158  10:37  Zergling x16  
  148  10:44  Mutalisk  
  148  10:45  Mutalisk x3  
  146  10:54  Queen  
  146  11:03  Zergling x2  
  146  11:04  Zergling x12  
  153  11:06  Baneling x8  
  153  11:07  Baneling  
  153  11:10  Mutalisk x5  
  163  11:12  Overlord x5  
  163  11:13  Zergling x4  
  165  11:20  Zergling x4  
  165  11:24  Overseer  
  167  11:28  Zergling x6  
  167  11:32  Baneling  
  170  11:33  Baneling x10  
  170  11:38  Zergling x2, Hatchery  
  170  11:39  Zergling x22  
  181  11:44  Zerg Flyer Weapons Level 2  
  181  11:46  Drone  
  182  11:47  Mutalisk x2  
  182  11:48  Infestation Pit  
  185  11:57  Overlord  
  185  11:58  Overlord  
  185  11:59  Extractor x2  
  181  12:07  Mutalisk x4  
  181  12:08  Mutalisk  
  183  12:09  Zergling x2  
  183  12:10  Zergling x8  
  188  12:30  Hive  
  188  12:32  Zergling x24  
  200  12:44  Baneling x10  
  200  12:45  Baneling x11  
  172  13:19  Zergling x18  
  178  13:20  Zergling x26  
  187  13:30  Zergling x10  
  192  13:36  Baneling x13  
  192  13:40  Baneling  
  192  13:41  Baneling x6  
  192  13:42  Hatchery  
  192  13:46  Zergling x8  
  192  13:47  Zergling x8  
  189  13:50  Hatchery  
  171  13:59  Zergling x18  
  171  14:00  Zergling x14  
  150  14:10  Zergling x2  
  150  14:11  Zergling x8  
  153  14:18  Baneling  
  153  14:19  Baneling x11  
  153  14:21  Zergling x4  
  153  14:22  Zergling x6  
  154  14:29  Mutalisk x3  
  152  14:35  Mutalisk x4  
  160  14:44  Zergling x10  
Tags
 
Add a new tag
Caveats
  • Supply blocks, unpowered buildings, or Contaminate may cause inaccurate times.
  • Supply counts are checked every 10 seconds.